 Dungeon Sprint DCSS version 0.23-a0-151-gf6d1ed2 (webtiles) character file.

648 Kidiri the Basher (level 7, -4/78 HPs)
             Began as a Troll Berserker on Sept 8, 2018.
             Was a High Priest of Trog.
             Killed by divine providence
             ... invoked by a smoke demon
              (14 damage)
             ... in the Dungeon (Sprint VII: "The Pits").
             The game lasted 00:03:16 (518 turns).

Kidiri the Basher (Troll Berserker)                  Turns: 518, Time: 00:03:17

Health: -4/78      AC:  7    Str: 27    XL:     7   Next: 27%
Magic:  6/6        EV: 11    Int:  3    God:    Trog [*****.]
Gold:   0          SH:  0    Dex: 10    Spells: 6/6 levels left

rFire    . . .     SeeInvis .   p - +0 giant spiked club
rCold    . . .     Gourm    +   (shield currently unavailable)
rNeg     . . .     Faith    .   a - +0 troll leather armour
rPois    .         Spirit   .   (helmet restricted)
rElec    .         Reflect  .   (no cloak)
rCorr    .         Harm     .   (gloves unavailable)
MR       .....     NoTele   +   (boots unavailable)
Stlth    +.........             (no amulet)
HPRegen  1.03/turn              (no ring)
MPRegen  0.10/turn              (no ring)

@: lethally poisoned (-4 -> -7), berserk cooldown, slowed, very slow
A: large, unfitting armour, claws 3, fast metabolism 3, gourmand, regeneration
1, shaggy fur 1, tough skin 2
a: Berserk, Trog's Hand, Brothers in Arms, Renounce Religion


You were in the Dungeon.
You worshipped Trog.
Trog was extremely pleased with you.
You were very full.

You visited 1 branch

Inventory:

Hand Weapons
 p - a +0 giant spiked club (weapon)
Missiles
 m - 10 stones
 o - 2 large rocks (quivered)
Armour
 a - a +0 troll leather armour (worn)
Scrolls
 i - a scroll of blinking
 k - 2 scrolls of remove curse
 l - a scroll of summoning
Potions
 d - 6 potions of curing
 e - 5 potions of heal wounds
 f - a potion of haste
 g - 4 potions of magic
 h - 3 potions of berserk rage
 j - 2 potions of invisibility
Comestibles
 c - 10 rations
 n - 12 chunks of flesh


   Skills:
 * Level 7.5 Fighting
 * Level 8.2 Maces & Flails
 + Level 5.3 Throwing
 + Level 4.8 Armour
 + Level 5.6 Dodging


You had 6 spell levels left.
You didn't know any spells.
Your spell library was empty.

Dungeon Overview and Level Annotations

Branches:
Dungeon (1/1)

Altars:
Ashenzari
Cheibriados
Dithmenos
Elyvilon
Fedhas
Gozag
Hepliaklqana
Kikubaaqudgha
Makhleb
Nemelex Xobeh
Okawaru
Qazlal
Ru
Sif Muna
Trog
Uskayaw
Vehumet
Wu Jian
Xom
Yredelemnul
Zin
The Shining One
Beogh
Jiyva
Lugonu


Innate Abilities, Weirdness & Mutations

You are too large for most types of armour.
You have claws for hands.
Your metabolism is lightning-fast.
You like to eat raw meat.
Your natural rate of healing is unusually fast.
You are covered in fur. (AC +1)
You have very tough skin. (AC +2)


Message History

Something smites you!
* * * LOW HITPOINT WARNING * * *
You sock the soldier ant!
The soldier ant is almost dead.
You feel sick. The soldier ant barely misses you.
Unknown command.
You hit the soldier ant but do no damage.
The soldier ant is almost dead.
You feel sick. The soldier ant misses you.
The smoke demon hits you but does no damage. x3
Unknown command.
You barely miss the soldier ant.
The soldier ant is almost dead.
You are no longer berserk.
You are exhausted.
You feel yourself slow down.
You feel sick. The soldier ant completely misses you.
The smoke demon gestures at you. Something smites you!
You die...

#.#[[###+####.......#
#.##+#.....##...<...#
#.#........##.......#
#†#........##.......#
#)###########.......#
#.......#..##########
#.......#.######
#...#...#.#.(..#
#..###..#+#@...#
#...#...#)3a...+
#.......#+#....#
#.......'[#....#
################


You could see a smoke demon and a soldier ant.

Vanquished Creatures
  A troll (D)
  A floating eye (D)
  A black bear (D)
  A necrophage (D)
  An ogre (D)
  An iguana (D)
  2 gnolls (D)
  A river rat (D)
  An adder (D)
  A bat zombie (D)
  3 hobgoblins (D)
  6 jackals (D)
  2 kobolds (D)
  A ball python (D)
  A frilled lizard (D)
  A rat (D)
25 creatures vanquished.

Notes
Turn   | Place    | Note
-------+----------+-------------------------------------------
     0 | D        | Kidiri the Troll Berserker began the quest for the Orb.
     0 | D        | Reached XP level 1. HP: 22/22 MP: 0/0
    21 | D        | Found a bloodstained altar of Trog.
    21 | D        | Found a deep blue altar of Sif Muna.
    21 | D        | Found a viscous altar of Jiyva.
    21 | D        | Found a hazy altar of Hepliaklqana.
    21 | D        | Found an opulent altar of Gozag.
    52 | D        | Found a glowing golden altar of the Shining One.
    52 | D        | Found a glowing silver altar of Zin.
    52 | D        | Found a basalt altar of Yredelemnul.
    52 | D        | Found a shimmering altar of Xom.
    52 | D        | Found an ornate altar of the Wu Jian Council.
    52 | D        | Found a sacrificial altar of Ru.
    52 | D        | Found a stormy altar of Qazlal.
    52 | D        | Found an iron altar of Okawaru.
    52 | D        | Found a sparkling altar of Nemelex Xobeh.
    52 | D        | Found a burning altar of Makhleb.
    52 | D        | Found a blossoming altar of Fedhas.
    52 | D        | Found a white marble altar of Elyvilon.
    52 | D        | Found a shadowy altar of Dithmenos.
    52 | D        | Found a snail-covered altar of Cheibriados.
    55 | D        | Found a radiant altar of Vehumet.
    55 | D        | Found a corrupted altar of Lugonu.
    55 | D        | Found a roughly hewn altar of Beogh.
    56 | D        | Found a hide-covered altar of Uskayaw.
    56 | D        | Found an ancient bone altar of Kikubaaqudgha.
    56 | D        | Found a shattered altar of Ashenzari.
    74 | D        | Reached ** piety under Trog
    74 | D        | Reached skill level 3 in Maces & Flails
   184 | D        | Reached skill level 1 in Throwing
   184 | D        | Reached skill level 1 in Armour
   184 | D        | Reached XP level 2. HP: 31/31 MP: 1/1
   203 | D        | Reached *** piety under Trog
   207 | D        | Reached skill level 4 in Maces & Flails
   207 | D        | Reached XP level 3. HP: 35/39 MP: 2/2
   291 | D        | Reached **** piety under Trog
   292 | D        | Received a gift from Trog
   292 | D        | Noticed an ogre
   294 | D        | Noticed a necrophage
   315 | D        | Killed a necrophage
   315 | D        | Reached skill level 5 in Fighting
   315 | D        | Reached skill level 5 in Maces & Flails
   315 | D        | Reached XP level 4. HP: 44/48 MP: 3/3
   321 | D        | Killed an ogre
   321 | D        | Reached ***** piety under Trog
   321 | D        | Reached skill level 6 in Maces & Flails
   321 | D        | Reached XP level 5. HP: 48/57 MP: 4/4
   361 | D        | Noticed a troll
   366 | D        | HP: 1/88 [troll (8)]
   367 | D        | Killed a troll
   367 | D        | Reached skill level 7 in Maces & Flails
   367 | D        | Reached skill level 5 in Dodging
   367 | D        | Reached XP level 6. HP: 1/68 MP: 5/5
   462 | D        | Reached skill level 5 in Throwing
   462 | D        | Reached XP level 7. HP: 36/78 MP: 6/6
   504 | D        | Noticed a smoke demon
   505 | D        | Paralysed by a floating eye for 2 turns
   508 | D        | Received a gift from Trog
   508 | D        | Reached skill level 8 in Maces & Flails
   518 | D        | Killed from afar by a smoke demon

Vault maps used:
D:        pitsprint

Skill      XL: |  1  2  3  4  5  6  7 |
---------------+----------------------+-----
Maces & Flails | 3 4 5 6 7 8 |  8.2
Fighting       | 3 5 6 7 |  7.5
Throwing       | 1 3 4 5 |  5.3
Armour         | 1 2 3 4 |  4.8
Dodging        | 3 4 5 |  5.6

Action                   |  1- 3 |  4- 6 |  7- 9 || total
-------------------------+-------+-------+-------++-------
Melee: Mace              |    46 |     6 |       ||    52
       Giant spiked club |       |    24 |     9 ||    33
Throw: Large rock        |       |       |     1 ||     1
Invok: Berserk           |       |     2 |     1 ||     3
  Use: Scroll            |     1 |       |       ||     1
       Potion            |       |     1 |       ||     1
  Eat: Chunk             |     1 |    10 |     1 ||    12
Armor: Animal skin       |    22 |     3 |       ||    25
       Troll leather arm |       |     4 |     6 ||    10
Dodge: Dodged            |    26 |    27 |    10 ||    63

Table legend:
 A = Non-vault XP
 B = Vault XP
 C = Vault XP percentage of total XP
 D = Non-vault monster count
 E = Vault monster count
 F = Vault count percentage of total count
                 A         B        C        D         E       F
            +---------+---------+-------+---------+---------+-------
      Total |       0 |     927 | 100.0 |       0 |      25 | 100.0
            +---------+---------+-------+---------+---------+-------
          D |       0 |     927 | 100.0 |       0 |      25 | 100.0
            +---------+---------+-------+---------+---------+-------
